 Dungeon Crawl Stone Soup version 0.32-a0-768-g0f6f1dd4b9 (webtiles) character file.

Game seed: 17584748472226947435

33513 retardedninja the Fighter (level 13, -5/102 HPs)
             Began as a Coglin Fighter on Mar 18, 2024.
             Was an Elder of Hepliaklqana.
             Slain by Rupert
             ... wielding a +3 heavy executioner's axe
              (19 damage)
             ... on level 5 of the Lair of Beasts.
             The game lasted 00:32:06 (16577 turns).

retardedninja the Fighter (Coglin Fighter)         Turns: 16577, Time: 00:32:06

Health: -5/102     AC: 35    Str: 22    XL:     13   Next: 71%
Magic:  0/4        EV:  6    Int:  8    God:    Hepliaklqana [****..]
Gold:   2120       SH:  0    Dex: 13    Spells: 12/12 levels left

rFire   . . .        d - +3 broad axe (protect) {Gabriela}
rCold   . . .        D - +8 war axe "Dragon's Tongue" {antimagic, rPois rN+}
rNeg    + . .        f - +4 plate armour
rPois   +            p - +0 helmet
rElec   .            F - +2 cloak
rCorr   .            u - +1 pair of gloves
SInv    .            n - +1 pair of boots {Fly}
Will    .....        (amulet unavailable) Stlth
                     (ring unavailable)
HPRegen 0.37/turn    (ring unavailable)
MPRegen 0.09/turn    (no gizmo)

%: no passive effects
@: about to teleport, under a protective aura, flying, revving
A: reduced essence, off-hand wielding, slow wielding, warmup strikes, no
jewellery
a: Invent Gizmo, Renounce Religion, Recall Ancestor, Ancestor Identity,
Transference, Idealise


You were on level 5 of the Lair of Beasts.
You worshipped Hepliaklqana.
Hepliaklqana was greatly pleased with you.
You visited 3 branches of the dungeon, and saw 19 of its levels.
You also visited: Bailey.

You collected 2120 gold pieces.

Inventory:

Hand Weapons
 a - a +1 heavy war axe {Caihong}
 d - a +3 broad axe of protection (weapon) {Gabriela}
 D - the +8 war axe "Dragon's Tongue" (offhand) {antimagic, rPois rN+}
   (You found it on level 7 of the Dungeon)

   rPois:     It protects you from poison.
   rN+:       It protects you from negative energy.
Armour
 f - a +4 plate armour (worn)
 n - a +1 pair of boots of flying (worn)
 p - a +0 helmet (worn)
 u - a +1 pair of gloves (worn)
 F - a +2 cloak (worn)
Wands
 q - a wand of roots (13)
 v - a wand of flame (22)
 x - a wand of mindburst (2)
Scrolls
 e - a scroll of revelation
 g - 3 scrolls of teleportation
 i - 3 scrolls of torment
 k - 4 scrolls of vulnerability
 m - 2 scrolls of immolation
 o - 2 scrolls of identify
 r - 2 scrolls of poison
 y - a scroll of amnesia
 C - 4 scrolls of fog
 E - a scroll of fear
Potions
 b - a potion of might
 c - 5 potions of attraction
 h - 2 potions of cancellation
 j - 2 potions of brilliance
 l - 4 potions of enlightenment
 s - 5 potions of lignification
 t - 3 potions of mutation
 w - 4 potions of resistance
 z - a potion of haste
 A - 2 potions of curing
 B - a potion of ambrosia
 G - 3 potions of magic


   Skills:
 * Level 14.9 Fighting
 * Level 14.8 Axes
 + Level 10.1 Armour
 - Level 2.1 Shields


You had 12 spell levels left.
You didn't know any spells.
Your spell library contained the following spells:

 Spells                   Type           Power      Damage    Failure   Level
 Apportation              Tloc           0%         N/A       99%         1
 Necrotise                Necr           0%         1d4       99%         1
 Slow                     Hex            0%         N/A       99%         1
 Sting                    Conj/Alch      0%         1d3       99%         1
 Summon Small Mammal      Summ           0%         N/A       99%         1
 Ensorcelled Hibernation  Hex/Ice        0%         N/A       100%        2
 Mercury Vapours          Alch/Air       0%         N/A       100%        2
 Call Canine Familiar     Summ           0%         N/A       100%        3
 Dazzling Flash           Conj/Hex       0%         N/A       100%        3
 Mephitic Cloud           Conj/Alch/Air  0%         N/A       100%        3
 Sigil of Binding         Hex            0%         N/A       100%        3
 Tukima's Dance           Hex            0%         N/A       100%        3
 Anguish                  Hex/Necr       0%         N/A       100%        4
 Cause Fear               Hex            0%         N/A       100%        4
 Dimensional Bullseye     Hex/Tloc       0%         N/A       100%        4
 Passage of Golubria      Tloc           0%         N/A       100%        4
 Freezing Cloud           Conj/Ice/Air   0%         6-21      100%        5
 Silence                  Hex/Air        0%         N/A       100%        5
 Yara's Violent Unravell  Hex/Alch       0%         3d3       100%        5
 Starburst                Conj/Fire      0%         6d3       100%        6
 Maxwell's Capacitive Co  Air            0%         ∞         100%        8


Dungeon Overview and Level Annotations

Branches:
Dungeon (13/15)            Temple (1/1) D:4            Lair (5/5) D:8
  Swamp (0/4) Lair:2       Spider (0/4) Lair:2        Slime (0/5) Lair:4
    Orc (0/2) D:9          Bailey (visited)
 Vaults: D:13-14

Altars:
Ashenzari
Cheibriados
Dithmenos
Elyvilon
Fedhas
Gozag
Hepliaklqana
Kikubaaqudgha
Makhleb
Nemelex Xobeh
Okawaru
Qazlal
Ru
Sif Muna
Trog
Uskayaw
Vehumet
Wu Jian
Xom
Yredelemnul
Zin
The Shining One
Beogh
Jiyva

Shops:
D:4 **

Annotations:
D:4 1 runed translucent door
D:12 exclusion: orange crystal statue
Temple 2 transporters
Lair:5 Rupert


Innate Abilities, Weirdness & Mutations

Your life essence is reduced to manifest your ancestor. (-10% HP)
You can wield a second weapon in your off-hand.
It takes a long time for you to wield or remove held weapons.
Your first few attacks do less damage.
You cannot equip rings or amulets.


Message History

Rupert hits you with a +3 heavy executioner's axe!!
The blink frog blinks!
There is a stone staircase leading up, spattered with blood here.
Hepliaklqana grants Austrian painter healing and protection!
The cane toad stings you but does no damage.
Rupert hits you with a +3 heavy executioner's axe!!
Austrian painter points at the cane toad and mumbles some strange words.
The puff of frost hits the cane toad.
The vampire mosquito attacks as it pursues you!
The vampire mosquito bites you but does no damage.
The cane toad stings you but does no damage.
The vampire mosquito bites you but does no damage.
Austrian painter points at the cane toad and mumbles some strange words.
The puff of frost hits the vampire mosquito!
You no longer drain nearby creatures when transferring your ancestor.
You slash the vampire mosquito with your +3 broad axe of protection!
Your weapon exudes an aura of protection.
The vampire mosquito is almost destroyed.
You barely miss the cane toad with your +3 broad axe of protection.
You slash the vampire mosquito with the +8 war axe "Dragon's Tongue"!
You destroy the vampire mosquito!
You slash the cane toad with the +8 war axe "Dragon's Tongue"!
The cane toad stings you but does no damage.
You hit Rupert with the +8 war axe "Dragon's Tongue".
Rupert is lightly wounded.
You barely miss the cane toad with the +8 war axe "Dragon's Tongue".
You slice Rupert with your +3 broad axe of protection!!
You hit the cane toad with your +3 broad axe of protection.
The cane toad stings you but does no damage.
Rupert hits you with a +3 heavy executioner's axe!!!
* * * LOW HITPOINT WARNING * * *
Rupert hits Austrian painter with a +3 heavy executioner's axe!!!
Austrian painter gestures at the cane toad while chanting.
The puff of frost hits the cane toad!
As you read the scroll of teleportation, it crumbles to dust.
You feel strangely unstable.
Rupert hits you with a +3 heavy executioner's axe!!
You die...
Rupert roars with triumph.
Hepliaklqana delivers you to your ancestors.

....................P........
.................P~~.........
.................#~~~........
................<~..~........
.............................
.P....####...F......#........
........##......R...#........
...............F@...#........
..P.............@......~~~~~~.
##............##..D....~~#~~~..
###...........####..#..~~~#~~..PP
##P...........P##..P...~~~~#~....
##....~.=.......#P.....~~~~~~....
####..~..........................
#..~...†.....P..........P...#....
~÷.†~~~~~.......~~............P..
~~÷~~~~†~~~~.~~.P..[.......D.....


You could see the friendly Austrian painter the battlemage (idealised), Rupert
(berserk), a six-headed hydra, a cane toad (distracted, ally target) and a blink
frog.

Vanquished Creatures
  A hydra (Lair:2)
  A boulder beetle (Lair:1)
  A two-headed ogre (D:12)
  2 goliath frogs (Lair:5)
  Lodul (D:12)
  A bog body (Lair:2)
  An ugly thing (D:11)
  A cyclops (D:11)
  7 elephants
  2 black mambas
  6 cane toads
  A gargoyle (D:10)
  Maggie (D:8)
  5 komodo dragons
  A kobold demonologist (D:10)
  2 rime drakes
  Psyche (D:8)
  4 trolls
  A tyrant leech (Lair:5)
  A hornet (D:10)
  Prince Ribbit (D:5)
  8 blink frogs
  2 shadows
  Sigmund (D:5)
  5 culicivoras (Lair:2)
  A wyvern (D:8)
  3 slime creatures (D:12)
  4 wraiths
  21 yaks
  4 vampire mosquitoes
  3 steam dragons
  2 acid dragons
  7 water moccasins
  2 black bears
  9 orc warriors
  An ice beast (D:7)
  A sky beast (D:7)
  12 wolves
  6 ogres (D:12)
  A centaur (D:8)
  A kobold brigand (D:11)
  2 gnoll sergeants
  3 scorpions
  9 bullfrogs
  3 killer bees (D:11)
  A vampire bat (D:12)
  6 howler monkeys
  An electric eel (Lair:4)
  A bombardier beetle (D:5)
  5 hounds
  A jelly (D:4)
  Crazy Yiuf (D:5)
  7 orc priests
  Natasha (twice) (D:3)
  3 iguanas
  Ijyb (D:5)
  Terence (D:3)
  A sleepcap (D:7)
  10 orc wizards
  12 gnolls
  13 adders
  A shadow imp (D:5)
  A white imp (D:5)
  3 dart slugs
  A ribbon worm (D:5)
  47 orcs
  3 bat skeletons (D:12)
  3 bat zombies (D:12)
  13 endoplasms
  20 goblins
  9 hobgoblins
  3 jackals (D:3)
  11 quokkas
  A ball python (D:1)
  3 bats
  4 frilled lizards
  32 kobolds
  A kobold skeleton (D:4)
  6 rats
381 creatures vanquished.

Vanquished Creatures (collateral kills)
  A two-headed ogre (D:11)
  A bog body (Lair:2)
  2 elephants
  4 cane toads
  A rime drake (Lair:3)
  A tengu conjurer (D:13)
  A komodo dragon (Lair:4)
  2 blink frogs
  4 yaks
  A slime creature (D:12)
  A basilisk (Lair:3)
  3 vampire mosquitoes (Lair:5)
  4 wolves
  A kobold brigand (D:11)
  4 bullfrogs
31 creatures vanquished.

Vanquished Creatures (others)
  3 battlemagi
  2 ancestors
5 creatures vanquished.

Grand Total: 417 creatures vanquished

Notes
Turn   | Place    | Note
-------+----------+-------------------------------------------
     0 | D:1      | retardedninja the Coglin Fighter began the quest for the
                  | Orb.
     0 | D:1      | Reached XP level 1. HP: 18/18 MP: 1/1
    15 | D:1      | You fall into a shaft and drop 1 floor!
   121 | D:2      | Reached XP level 2. HP: 19/24 MP: 2/2
   341 | D:1      | Reached XP level 3. HP: 29/29 MP: 3/3
   964 | D:1      | Reached XP level 4. HP: 24/37 MP: 4/4
  1342 | D:2      | Found a faded altar of an unknown god.
  2141 | D:3      | Found a large runed translucent door.
  2141 | D:3      | Noticed Terence
  2143 | D:3      | Found a large runed translucent door.
  2148 | D:3      | Killed Terence
  2149 | D:3      | Reached XP level 5. HP: 37/42 MP: 5/5
  2150 | D:3      | Found a shimmering altar of Xom.
  2573 | D:3      | Noticed Natasha
  2578 | D:3      | Killed Natasha
  2772 | D:3      | Noticed Natasha
  2778 | D:3      | Killed Natasha
  2779 | D:3      | Reached XP level 6. HP: 46/49 MP: 6/6
  3022 | D:4      | Got the Folio of Jinxing
  3125 | D:4      | Found a runed translucent door.
  3125 | D:4      | Noticed a human
  3148 | D:4      | Found Puexudus's General Store.
  3151 | D:4      | Found Haucwol's Specific Store.
  3163 | D:4      | Reached skill level 5 in Fighting
  3397 | D:4      | Reached XP level 7. HP: 53/56 MP: 7/7
  3504 | D:4      | Found a staircase to the Ecumenical Temple.
  3521 | Temple   | Found a transporter.
  3521 | Temple   | Found a transporter.
  3521 | Temple   | Found a transporter.
  3521 | Temple   | Found a transporter.
  3521 | Temple   | Entered the Ecumenical Temple
  3762 | D:4      | Found a basalt altar of Yredelemnul.
  3862 | D:5      | Entered Level 5 of the Dungeon
  3914 | D:5      | Noticed Prince Ribbit
  3923 | D:5      | Killed Prince Ribbit
  3924 | D:5      | Reached skill level 5 in Axes
  4085 | D:5      | Reached XP level 8. HP: 63/64 MP: 8/8
  4213 | D:5      | Noticed Sigmund
  4223 | D:5      | Killed Sigmund
  4546 | D:5      | Noticed Ijyb
  4551 | D:5      | Killed Ijyb
  4728 | D:5      | Found a runed translucent door.
  4729 | D:5      | Noticed Crazy Yiuf
  4832 | D:5      | Killed Crazy Yiuf
  4927 | D:6      | Reached skill level 5 in Armour
  5598 | D:7      | Reached XP level 9. HP: 68/73 MP: 9/9
  5607 | D:7      | Identified the +8 war axe "Dragon's Tongue" {antimagic,
                  | rPois rN+}
  5640 | D:7      | Found a flagged portal.
  5665 | Bailey   | Entered a bailey
  6915 | D:8      | Noticed Psyche
  6921 | D:8      | Killed Psyche
  7099 | D:8      | Reached XP level 10. HP: 58/83 MP: 3/10
  8040 | D:8      | Found a staircase to the Lair.
  8208 | D:8      | Noticed Maggie
  8217 | D:8      | Killed Maggie
  8245 | D:8      | Found a bloodstained altar of Trog.
  8478 | D:9      | Reached skill level 10 in Fighting
  8485 | D:9      | Reached skill level 10 in Axes
  8782 | D:9      | Found a hazy altar of Hepliaklqana.
  8852 | D:9      | Became a worshipper of Hepliaklqana the Forgotten
  8965 | D:9      | Identified the ring "Futz" {rPois rC+ Will+ Str+6 Slay-4}
  8990 | D:9      | Found a staircase to the Orcish Mines.
  8991 | D:9      | Found a roughly hewn altar of Beogh.
  9253 | D:10     | Entered Level 10 of the Dungeon
  9422 | D:10     | Noticed a gargoyle
  9427 | D:10     | Killed a gargoyle
  9535 | D:10     | Noticed a kobold demonologist
  9538 | D:10     | Killed a kobold demonologist
  9539 | D:10     | Reached XP level 11. HP: 92/92 MP: 3/11
  9873 | D:11     | Reached * piety under Hepliaklqana
  9885 | D:11     | Noticed a two-headed ogre
  9891 | D:11     | Killed a two-headed ogre
  9901 | D:11     | Noticed a cyclops
  9908 | D:11     | Killed a cyclops
 10635 | D:11     | Noticed a brown ugly thing
 10642 | D:11     | Killed a brown ugly thing
 10962 | D:12     | Noticed a two-headed ogre
 10967 | D:12     | Killed a two-headed ogre
 11055 | D:12     | Noticed Lodul
 11069 | D:12     | Killed Lodul
 11239 | D:12     | Reached ** piety under Hepliaklqana
 11245 | D:12     | Remembered your ancestor Austrian painter as a battlemage
 11439 | D:12     | Found an ancient bone altar of Kikubaaqudgha.
 11684 | D:12     | Reached XP level 12. HP: 92/92 MP: 4/12
 12148 | D:13     | Noticed a centaur warrior
 12451 | Lair:1   | Entered Level 1 of the Lair of Beasts
 12546 | Lair:1   | Noticed a boulder beetle
 12568 | Lair:1   | Killed a boulder beetle
 13404 | Lair:2   | Found a staircase to the Swamp.
 13550 | Lair:2   | Reached *** piety under Hepliaklqana
 13608 | Lair:2   | Noticed an eight-headed hydra
 13617 | Lair:2   | Killed a ten-headed hydra
 13682 | Lair:2   | Reached XP level 13. HP: 67/100 MP: 4/13
 13812 | Lair:2   | Found an ancient bone altar of Kikubaaqudgha.
 13930 | Lair:2   | Found a hole to the Spider Nest.
 14621 | Lair:3   | Reached **** piety under Hepliaklqana
 15576 | Lair:4   | Found a staircase to the Slime Pits.
 15576 | Lair:4   | Found a viscous altar of Jiyva.
 15602 | Lair:4   | Reached ***** piety under Hepliaklqana
 15865 | Lair:5   | Entered Level 5 of the Lair of Beasts
 15991 | Lair:5   | Reached skill level 10 in Armour
 16242 | Lair:5   | Noticed Rupert
 16577 | Lair:5   | Slain by Rupert

Illustrated notes

Levels and vault maps discovered:
D:1:      elethiomel_arrival_fortress_basement, layout_loops_ring
D:2:      cheibrodos_old_hovel, layout_loops_corners,
          hellmonk_ecumenical_altar_pennies_from_heaven, serial_park_tiny_2
D:3:      due_chaos_kobolds, layout_loops_ring, minmay_misc_feat_columns,
          uniq_terence, uniq_natasha
D:4:      layout_basic, dk_yredelemnul_ordeal,
          minmay_temple_entry_statues_pillars, minivault_26,
          nicolae_specific_store, hex_tiny, minmay_fractal_squares_diagonal_5
D:5:      layout_loops_ring, serial_bayou_pond_b, kennysheep_opposing_triangles,
          uniq_ijyb, uniq_crazy_yiuf_cottage, uniq_sigmund, uniq_prince_ribbit1
D:6:      layout_cave_pools
D:7:      layout_basic, enter_bailey_3, minivault_14
D:8:      layout_rooms, lemuel_doored_altar, erik_lair_orcish_takeover,
          uniq_maggie, uniq_psyche
D:9:      layout_loops_ring, lemuel_round_altar, david_orc_5
D:10:     layout_roguey
D:11:     layout_cave_pods
D:12:     layout_basic, minivault_16, kennysheep_vampire_church, uniq_lodul
D:13:     layout_roguey, ximxim_vaults_locker_room, hex_intersection,
          minmay_misc_feat_chi, nicolae_qazlal_general_emergency, uniq_frances,
          uniq_sonja, uniq_josephine
Temple:   hellmonk_temple_divided_pantheon
Lair:1:   layout_cave_shapes, chequers_serial_rivers_room_b, grunt_megastairs_2,
          infiniplex_staircase_pool_2
Lair:2:   layout_chaotic_city, skrybe_swamp_entry_bodies,
          hellmonk_spider_entry_life_and_decay, basic_altar
Lair:3:   layout_chaotic_city, grunt_megastairs_1
Lair:4:   layout_gridlike, slime_entry_1, lookout_lair_type,
          serial_bayou_shore_b
Lair:5:   minmay_lair_end_frog_pond, layout_gridlike, uniq_rupert

Skill      XL: |  1  2  3  4  5  6  7  8  9 10 11 12 13 |
---------------+----------------------------------------+-----
Armour         | 3 4 5 6 7 8 9 10 | 10.1
Axes           | 3 4 5 7 9 10 12 13 14 | 14.8
Fighting       | 4 5 6 7 9 10 12 13 14 | 14.9
Shields        | |  2.1

Action                     |  1- 3 |  4- 6 |  7- 9 | 10-12 | 13-15 || total
---------------------------+-------+-------+-------+-------+-------++-------
  Melee: War axe           |    69 |   172 |   292 |   275 |   102 ||   910
         Whip              |    53 |    15 |       |       |       ||    68
         Broad axe         |       |       |       |   210 |    99 ||   309
 Invoke: Ancestor Life: Ba |       |       |       |     1 |       ||     1
         Ancestor Identity |       |       |       |     1 |       ||     1
         Recall Ancestor   |       |       |       |     2 |       ||     2
         Idealise          |       |       |       |       |     1 ||     1
  Evoke: Wand              |       |       |       |    13 |     8 ||    21
    Use: Potion            |     3 |       |     5 |     6 |     2 ||    16
         Scroll            |       |    11 |     4 |    17 |     4 ||    36
   Stab: Distracted        |       |       |       |     3 |     1 ||     4
 Armour: Scale mail        |    66 |    62 |       |       |       ||   128
         Chain mail        |       |    23 |   192 |       |       ||   215
         Plate armour      |       |       |    39 |   339 |   129 ||   507
  Dodge: Dodged            |    31 |    42 |    84 |    82 |    37 ||   276
  Block: Buckler           |     3 |       |       |       |       ||     3

Table legend: (Time is in decaauts)
 A = Elapsed time spent in this place.
 B = Non-inter-level travel time spent in this place.
 C = Inter-level travel time spent in this place.
 D = Time resting spent in this place.
 E = Time spent auto-exploring this place.
 F = Levels seen in this place.
 G = Mean time per level.
                   A        B        C        D        E       F      G
               +--------+--------+--------+--------+--------+-----+--------+
         Total |  16682 |  16084 |    598 |   2244 |  11181 |  20 |  834.1 |
       Dungeon |  11686 |  11163 |    523 |   1094 |   8259 |  13 |  898.9 |
        Temple |     25 |     17 |      8 |      0 |      0 |   1 |   25.0 |
          Lair |   4094 |   4027 |     67 |    721 |   2797 |   5 |  818.8 |
        Bailey |    876 |    876 |      0 |    429 |    124 |   1 |  876.0 |
               +--------+--------+--------+--------+--------+-----+--------+

Top non-repeatable levels by time:
    D:12: 1479 daAuts
     D:7: 1402 daAuts
     D:3: 1130 daAuts
    D:11: 1102 daAuts
     D:5: 1065 daAuts
     D:1: 994 daAuts
  Lair:2: 968 daAuts
  Lair:1: 929 daAuts
     D:2: 919 daAuts
  Lair:4: 915 daAuts
     D:4: 878 daAuts
  Bailey: 876 daAuts
  Lair:3: 875 daAuts
     D:9: 861 daAuts
     D:8: 841 daAuts
